 Dungeon Crawl Stone Soup version 0.31-a0-188-g5e087ee2ca (webtiles) character file.

Game seed: 16298429132992309697

24 qw the Shooter (level 2, 0/16 HPs)
             Began as a Deep Elf Hunter on June 22, 2023.
             Succumbed to their own poison gas
             ... on level 1 of the Dungeon.
             The game lasted 00:00:15 (742 turns).

qw the Shooter (Deep Elf Hunter)                     Turns: 742, Time: 00:00:16

Health: 0/16       AC:  3    Str:  8    XL:     2   Next: 79%
Magic:  4/4        EV: 12    Int: 13    God:
Gold:   0          SH:  0    Dex: 18    Spells: 1/1 levels left

rFire   . . .        Y - +0 shortbow
rCold   . . .        (shield currently unavailable)
rNeg    . . .        c - +0 leather armour
rPois   .            (no helmet)
rElec   .            (no cloak)
rCorr   .            (no gloves)
SInv    .            (no boots)
Will    .....        (no amulet)
Stlth   ++           (no ring)
HPRegen 0.22/turn    (no ring)
MPRegen 0.09/turn

%: no passive effects
@: lethally poisoned (0 -> -4)
A: no striking features
a: no special abilities


You were on level 1 of the Dungeon.
You visited 1 branch of the dungeon, and saw 1 of its levels.


   Skills:
 - Level 1.5 Fighting
 + Level 6.5 Ranged Weapons
 - Level 2.4 Dodging
 - Level 1.2 Stealth


You had one spell level left.
You didn't know any spells.
Your spell library was empty.

Inventory:

Hand Weapons
 Y - a +0 shortbow (weapon)
Armour
 c - a +0 leather armour (worn)
Potions
 d - a potion of heal wounds {unknown}

Dungeon Overview and Level Annotations

Branches:
Dungeon (1/15)

Altars:

Shops:
D:1 ?:[


Message History

706 ||| READING scroll labelled WUOGICZOTWU.
As you read the scroll labelled WUOGICZOTWU, it crumbles to dust.
Your body is wracked with pain!
It was a scroll of torment.
You start resting.
HP restored.
Done exploring.
735 ||| READING scroll labelled IDDOXO ERCHOIDO.
The air fills with toxic fumes!
As you read the scroll labelled IDDOXO ERCHOIDO, it crumbles to dust.
It was a scroll of poison.
Done exploring.
736 ||| DROPPING scroll of butterflies.
You drop a scroll of butterflies.
Done exploring.
(D) Dungeon
Where to? (* - list waypoints, ? - help)
What level of the Dungeon? (default 1, ? - help) Sorry, I don't know how to get there.
Enter note:
Enter note:
Enter note:
Enter note:
Enter note:
Enter note:
Enter note:
Enter note:
Enter note: Really walk into that cloud of poison gas?
You are engulfed in poison gas.
You are poisoned.
You feel very sick.
738 ||| Stepping ~*~*~tactically~*~*~ (cloud).
You feel very sick.
You see here a scroll of butterflies.
There is a lethal amount of poison in your body!
You feel sick.
There is a lethal amount of poison in your body!
You feel sick.
There is a lethal amount of poison in your body!
You feel sick.
There is a lethal amount of poison in your body!
You die...

#.~~~#.# #.###....
#¤####.# #.#..%...
#0# #.# #.8.8.8..
#¤# #.# #.[}.}.#.
#¤# #.# #.8.\.8#(
#¤# #.# #..}.}...
#0# #.# ##8.8.8#.
#0####¤####.#.....
#@¤¤0¤¤0¤.........
######¤####.######
#..# #.# #.## #.#
#.# #.# ##.## #.#
#...# #.#
###.#.####.#
#...#...##.#


There were no monsters in sight!

Vanquished Creatures
  2 endoplasms (D:1)
  3 goblins (D:1)
  2 hobgoblins (D:1)
  3 jackals (D:1)
  A quokka (D:1)
  2 ball pythons (D:1)
  4 bats (D:1)
  A frilled lizard (D:1)
  2 kobolds (D:1)
  3 rats (D:1)
23 creatures vanquished.

Notes
Turn   | Place    | Note
-------+----------+-------------------------------------------
     0 | D:1      | qw the Deep Elf Hunter began the quest for the Orb.
     0 | D:1      | Reached XP level 1. HP: 12/12 MP: 3/3
     0 | D:1      | 0 ||| qw: Version: 0.3-a-9-g12657ce
     0 | D:1      | 0 ||| qw: Game counter: 3034
     0 | D:1      | 0 ||| qw: Always use a shield: true
     0 | D:1      | 0 ||| qw: God list: Okawaru
     0 | D:1      | 0 ||| qw: Allow faded altars: false
     0 | D:1      | 0 ||| qw: Do Orc after D:15 true
     0 | D:1      | 0 ||| qw: Do second Lair branch before Depths: true
     0 | D:1      | 0 ||| qw: Lair rune preference: random
     0 | D:1      | 0 ||| qw: Plans: Normal
     0 | D:1      | 0 ||| PLANNING D:1-11
   123 | D:1      | Reached XP level 2. HP: 16/16 MP: 4/4
   126 | D:1      | Reached skill level 6 in Ranged Weapons
   176 | D:1      | Found Xiatagixa's Book Shop.
   195 | D:1      | Found Xeadgh's Armour Shoppe.
   208 | D:1      | 208 ||| SHOPLISTING +0 cloak (45 gold, have 0).
   208 | D:1      | 208 ||| SHOPLISTING +0 pair of boots (45 gold, have 0).
   208 | D:1      | 208 ||| SHOPLISTING +0 pair of gloves of strength (115
                  | gold, have 0).
   208 | D:1      | 208 ||| SHOPLISTING +0 ring mail (40 gold, have 0).
   208 | D:1      | 208 ||| SHOPLISTING +0 scale mail (40 gold, have 0).
   229 | D:1      | Found Jeplasad's Magic Scroll Shoppe.
   235 | D:1      | 235 ||| SHOPLISTING 3 scrolls of identify (60 gold, have
                  | 0).
   235 | D:1      | 235 ||| SHOPLISTING scroll of brand weapon (95 gold, have
                  | 0).
   235 | D:1      | 235 ||| SHOPLISTING scroll of enchant armour (75 gold, have
                  | 0).
   235 | D:1      | 235 ||| SHOPLISTING scroll of identify (20 gold, have 0).
   706 | D:1      | 706 ||| READING scroll labelled WUOGICZOTWU.
   735 | D:1      | 735 ||| READING scroll labelled IDDOXO ERCHOIDO.
   736 | D:1      | 736 ||| DROPPING scroll of butterflies.
   738 | D:1      | 738 ||| Stepping ~*~*~tactically~*~*~ (cloud).
   739 | D:1      | HP: 4/16 [poisoned by you (poison gas)]
   741 | D:1      | HP: 1/16 [poisoned by you (poison gas)]
   742 | D:1      | Succumbed to their own poison gas

Levels and vault maps discovered:
D:1:      dpeg_arrival_court, layout_loops_ring, serial_shops,
          nicolae_shop_tiny_waterfront, nicolae_square_shop,
          nicolae_shop_temple_entry_statues_fountains, minmay_misc_feat_rugged

Skill      XL: |  1  2 |
---------------+-------+-----
Ranged Weapons | 6 |  6.5
Fighting       | |  1.5
Dodging        | |  2.4
Stealth        | |  1.2

Action                     || total
---------------------------++-------
   Fire: Shortbow          ||    55
    Use: Scroll            ||     2
 Armour: Leather armour    ||    11
  Dodge: Dodged            ||    22

Table legend:
 A = Non-vault XP
 B = Vault XP
 C = Vault XP percentage of total XP
 D = Non-vault monster count
 E = Vault monster count
 F = Vault count percentage of total count
                 A         B        C        D         E       F
            +---------+---------+-------+---------+---------+-------
      Total |      35 |       0 |   0.0 |      23 |       0 |   0.0
            +---------+---------+-------+---------+---------+-------
        D:1 |      35 |       0 |   0.0 |      23 |       0 |   0.0
            +---------+---------+-------+---------+---------+-------
